 Dungeon Sprint DCSS version 0.17.1-3-g152610e (webtiles) character file.

105 DarthKuruptios the Skirmisher (level 4, -20/32 HPs)
             Began as a Gargoyle Berserker on Feb 19, 2016.
             Was a Priest of Trog.
             Demolished by an ogre
             ... wielding a +0 giant club
              (22 damage)
             ... in the Dungeon (Sprint IX: "|||||||||||||||||||||||||||||").
             The game lasted 00:00:56 (372 turns).

DarthKuruptios the Skirmisher (Gargoyle Berserker)   Turns: 372, Time: 00:00:56

Health: -20/32     AC:  5    Str: 20    XL:     4   Next: 83%
Magic:  4/4        EV: 12    Int:  8    God:    Trog [***...]
Gold:   0          SH:  0    Dex: 10    Spells: 0 memorised, 3 levels left

rFire  . . .     SeeInvis .     a - +0 mace
rCold  . . .     Clarity  .     b - +0 animal skin
rNeg   + . .     SustAt   .     (no shield)
rPois  ∞         Gourm    .     (no helmet)
rElec  +         Spirit   .     (no cloak)
rCorr  .         Warding  .     (no gloves)
rMut   .         NoTele   +     (no boots)
MR     .....                    (no amulet)
Stlth  +.........               (no ring)
                                (no ring)

@: not resistant to hostile enchantments, very unstealthy
A: negative energy resistance 1, electricity resistance, unbreathing,
petrification resistance, rot immunity, AC +3
a: Berserk, Trog's Hand, Burn Spellbooks, Renounce Religion


You were in the Dungeon.
You worshipped Trog.
Trog was most pleased with you.
You were not hungry.

You visited 1 branch

Inventory:

Hand Weapons
 a - a +0 mace (weapon)
Armour
 b - a +0 animal skin (worn)
Jewellery
 m - a +3 ring of intelligence
 n - a +3 ring of intelligence
Wands
 l - a wand of draining (7)
Scrolls
 i - 2 scrolls of blinking
 k - 3 scrolls of remove curse
Potions
 d - 5 potions of curing
 e - 3 potions of heal wounds
 f - a potion of haste
 g - 4 potions of magic
 h - a potion of berserk rage
 j - a potion of invisibility
Comestibles
 c - a bread ration


   Skills:
 + Level 6.9 Fighting
 + Level 6.2 Maces & Flails
 + Level 3.8 Armour
 + Level 3.3 Dodging


You had 3 spell levels left.
You didn't know any spells.

Dungeon Overview and Level Annotations

Branches:
Dungeon (1/1)

Altars:
Cheibriados
Dithmenos
Elyvilon
Fedhas
Gozag
Kikubaaqudgha
Makhleb
Nemelex Xobeh
Okawaru
Qazlal
Ru
Sif Muna
Trog
Vehumet
Xom
Yredelemnul
Zin
The Shining One
Beogh
Jiyva
Lugonu


Innate Abilities, Weirdness & Mutations

You are resistant to torment.
Your stone body is resilient (AC +3).
You are immune to poison.
You resist negative energy.
You are resistant to electric shocks.
You can survive without breathing.
You are immune to petrification.
You are immune to rotting.


Message History

You see here a +0 helmet.
You see here a +2 ring mail.
m - a +3 ring of intelligence
n - a +3 ring of intelligence You open the door.
A sky beast, an orc, a deep elf mage, a centaur, an ogre and a zombie come into view.
The orc shouts!
The deep elf mage shouts!
The centaur shouts!
You sock the ogre!
The ogre is moderately wounded.
The ogre hits you with a giant club!
You hit the ogre but do no damage.
The ogre is moderately wounded.
The ogre hits you with a giant club!!
Ouch! That really hurt!
* * * LOW HITPOINT WARNING * * *
You barely miss the ogre.
The ogre is moderately wounded.
The ogre hits you with a giant club!!
Ouch! That really hurt!
You die...

▓.▓
▓?▓
▓|▓
▓)▓
▓[▓
▓[▓
▓[▓
▓.▓
▓@▓
▓O▓
▓o▓
▓Z▓
▓Y▓
▓e▓
▓c▓
▓.▓


You could see a sky beast, a deep elf mage, an ogre, a centaur, an orc and a bat
zombie.

Vanquished Creatures
  An ogre (D)
  An adder zombie (D)
  An orc (D)
  A bat (D)
  A bat zombie (D)
  A hobgoblin (D)
  2 kobolds (D)
  A quokka (D)
  A goblin (D)
10 creatures vanquished.

Notes
Turn   | Place    | Note
--------------------------------------------------------------
     0 | D        | DarthKuruptios the Gargoyle Berserker began the quest for the Orb.
     0 | D        | Reached XP level 1. HP: 14/14 MP: 1/1
    10 | D        | Reached ** piety under Trog
    15 | D        | Reached skill level 4 in Fighting
   126 | D        | Noticed an ogre
   129 | D        | Reached XP level 2. HP: 13/20 MP: 2/2
   135 | D        | Killed an ogre
   135 | D        | Reached *** piety under Trog
   135 | D        | Reached skill level 6 in Fighting
   135 | D        | Reached XP level 3. HP: 9/28 MP: 3/3
   135 | D        | Reached XP level 4. HP: 10/32 MP: 4/4
   330 | D        | Found a glowing silver altar of Zin.
   330 | D        | Found a glowing golden altar of the Shining One.
   330 | D        | Found an ancient bone altar of Kikubaaqudgha.
   330 | D        | Found a basalt altar of Yredelemnul.
   330 | D        | Found a shimmering altar of Xom.
   330 | D        | Found a radiant altar of Vehumet.
   331 | D        | Found an iron altar of Okawaru.
   332 | D        | Found a burning altar of Makhleb.
   333 | D        | Found a deep blue altar of Sif Muna.
   334 | D        | Found a bloodstained altar of Trog.
   335 | D        | Found a sparkling altar of Nemelex Xobeh.
   336 | D        | Found a white marble altar of Elyvilon.
   337 | D        | Found a roughly hewn altar of Beogh.
   338 | D        | Found a viscous altar of Jiyva.
   339 | D        | Found a corrupted altar of Lugonu.
   340 | D        | Found a blossoming altar of Fedhas.
   341 | D        | Found a snail-covered altar of Cheibriados.
   342 | D        | Found a shadowy altar of Dithmenos.
   343 | D        | Found a stormy altar of Qazlal.
   344 | D        | Found an opulent altar of Gozag.
   345 | D        | Found a sacrificial altar of Ru.
   369 | D        | Noticed an ogre
   369 | D        | Noticed a sky beast
   369 | D        | Noticed a deep elf mage
   369 | D        | Noticed a centaur
   372 | D        | Demolished by an ogre

Action                   |  1- 3 |  4- 6 || total
-------------------------+-------+-------++-------
Melee: Mace              |    19 |    10 ||    29
Invok: Trog's Hand       |     1 |       ||     1
       Berserk           |     1 |       ||     1
